 Dungeon Crawl Stone Soup version 0.31-a0-1570-g93c622d222 (webtiles) character file.

Game seed: 947877049630831084

8 dialectric the Ruffian (level 2, -1/24 HPs)
             Began as a Draconian Shapeshifter on Jan 3, 2024.
             Shot with a sling bullet by a goblin (5 damage)
             ... on level 1 of the Dungeon.
             The game lasted 00:00:24 (455 turns).

dialectric the Ruffian (Draconian Shapeshifter)      Turns: 455, Time: 00:00:25

Health: -1/24      AC:  0    Str: 16    XL:     2   Next: 0%
Magic:  2/2        EV: 14    Int: 10    God:
Gold:   32         SH:  0    Dex: 10    Spells: 1/1 levels left

rFire   . .          .
                       - Unarmed
rCold   . . .        (shield currently unavailable)
rNeg    . . .        (body armour unavailable)
rPois   .            (helmet currently unavailable)
rElec   .            (cloak currently unavailable)
rCorr   .            (gloves currently unavailable)
SInv    .            (boots currently unavailable)
Will    .....        (no amulet)
Stlth   +            (ring currently unavailable)
HPRegen 0.24/turn    (ring currently unavailable)
MPRegen 0.08/turn

%: no passive effects
@: pig-form, very quick
A: fast, no casting, AC +4, small, unfitting armour, (cold-blooded)
a: no special abilities


You were on level 1 of the Dungeon.
You were a filthy swine.
You visited 1 branch of the dungeon, and saw 2 of its levels.

You collected 32 gold pieces.

Inventory:

Armour
 f - a +0 pair of gloves
Talismans
 b - a beast talisman
 c - a flux talisman
Scrolls
 d - a scroll of teleportation {unknown}
 e - a scroll of silence {unknown}
 g - a scroll of identify {unknown}
Potions
 a - 2 potions of lignification
 h - a potion of curing {unknown}


   Skills:
 * Level 1.6 Fighting
 + Level 1.9 Dodging
 + Level 3.1 Unarmed Combat
 + Level 3.1 Shapeshifting


You had one spell level left.
You didn't know any spells.
Your spell library contained the following spells:

 Spells                   Type           Power      Damage    Failure   Level
 Lesser Beckoning         Tloc           0%         N/A       50%         2
 Gell's Gravitas          Tloc           0%         N/A       75%         3
 Teleport Other           Tloc           0%         N/A       75%         3


Dungeon Overview and Level Annotations

Branches:
Dungeon (2/15)

Altars:

Annotations:
D:2 Natasha


Innate Abilities, Weirdness & Mutations

You are a filthy swine.
You move quickly.
Your equipment is almost entirely melded.
You are incapable of wielding weapons or throwing items.
You cannot cast spells.
((Your plain brown scales are hard. (AC +4)))
You cannot fit into any form of body armour.
((You are cold-blooded and may be slowed by cold attacks.))


Message History

There is a stone staircase leading down here.
You climb downwards.
Natasha hisses angrily.
The goblin shouts!
Found a scroll labelled KESIVE QIRIRHE, a runed spear and a whip.
There is a stone staircase leading up here.
There are monsters nearby!
Unknown command.
There are monsters nearby!
You closely miss the goblin. The goblin hits you with a +0 club.
There are monsters nearby!
You hit the goblin but do no damage.
Natasha zaps a wand.
Your transformation has ended.
You turn into a filthy swine.
There are monsters nearby!
You barely miss the goblin. The goblin hits you with a +0 club.
You barely miss the goblin. The goblin hits you with a +0 club.
A jackal comes into view.
Natasha casts a spell at you. The magic dart hits you!
* * * LOW HITPOINT WARNING * * *
The jackal barks!
You hear a shout!
The goblin barely misses you.
You climb upwards.
There is a stone staircase leading down here.
Unknown command.
Unknown command.
You barely miss the goblin. The goblin closely misses you.
You hit the goblin.
The goblin is heavily wounded.
The goblin hits you with a +0 club.
* * * LOW HITPOINT WARNING * * *
You hit the goblin.
The goblin is severely wounded.
The goblin misses you.
You barely miss the goblin.
The goblin is severely wounded.
The goblin barely misses you.
The goblin unwields a +0 club.
The goblin wields a +0 sling.
The goblin shoots a sling bullet.
The sling bullet hits you.
You die...

......# #.....#
......# #.....#
......## #.....#
.......## #.....#
........#####.....#
..................#
........##........#
..................#
.......#....#...h.##
............#......#
....###.#.....#..g>#
...#....###........#
##...#### #.##.....#
##..## #........#
....## #####....#
..#..### ######
#......########


You could see a goblin.

Vanquished Creatures
  A ball python (D:1)
  A goblin (D:1)
  A hobgoblin (D:1)
  2 quokkas (D:1)
  A bat (D:1)
  A kobold (D:1)
7 creatures vanquished.

Notes
Turn   | Place    | Note
-------+----------+-------------------------------------------
     0 | D:1      | dialectric the Draconian Shapeshifter began the quest for
                  | the Orb.
     0 | D:1      | Reached XP level 1. HP: 16/16 MP: 1/1
   311 | D:1      | Reached XP level 2. HP: 19/24 MP: 2/2
   443 | D:2      | Noticed Natasha
   455 | D:1      | Shot with a sling bullet by a goblin

Illustrated notes

Levels and vault maps discovered:
D:1:      amcnicky_arrival_feature_with_door, layout_rooms
D:2:      layout_loops_cross, basic_altar, uniq_natasha, uniq_sigmund

Action                     || total
---------------------------++-------
  Melee: Unarmed           ||    31
         Tailslap          ||     2
 Armour: Skin              ||    17
  Dodge: Dodged            ||    21

Table legend: (Time is in decaauts)
 A = Elapsed time spent in this place.
 B = Non-inter-level travel time spent in this place.
 C = Inter-level travel time spent in this place.
 D = Time resting spent in this place.
 E = Time spent auto-exploring this place.
 F = Levels seen in this place.
 G = Mean time per level.
                   A        B        C        D        E       F      G
               +--------+--------+--------+--------+--------+-----+--------+
         Total |    453 |    432 |     21 |      0 |    352 |   2 |  226.5 |
       Dungeon |    453 |    432 |     21 |      0 |    352 |   2 |  226.5 |
               +--------+--------+--------+--------+--------+-----+--------+

Top non-repeatable levels by time:
     D:1: 448 daAuts
     D:2: 5 daAuts
